 Dungeon Crawl Stone Soup version 0.30-a0-702-gdf48620a09 (webtiles) character file.

Game seed: 3597859537989382771

495 CrazyBamboolord the Insei (level 7, -1/45 HPs)
             Began as an Octopode Transmuter on Jan 21, 2023.
             Slain by an orc
             ... wielding a +0 whip
              (6 damage)
             ... on level 3 of the Dungeon.
             The game lasted 00:05:15 (2533 turns).

CrazyBamboolord the Insei (Octopode Transmuter)     Turns: 2533, Time: 00:05:16

Health: -1/45      AC:  2    Str:  9    XL:     7   Next: 15%
Magic:  8/12       EV: 20    Int: 18    God:
Gold:   156        SH:  0    Dex: 17    Spells: 7/13 levels left

rFire   . . .      SeeInvis .      - Unarmed
rCold   . . .      Faith    .    (shield currently unavailable)
rNeg    . . .      Spirit   .    (helmet currently unavailable)
rPois   x          Reflect  .    (no amulet)
rElec   .          Harm     .    (no ring)
rCorr   .          Rampage  .    (no ring)
Will    .....                    (no ring)
Stlth   ++                       (no ring)
HPRegen 0.27/turn                (no ring)
MPRegen 0.13/turn                (no ring)
                                 (no ring)
                                 (no ring)

@: spider-form, wereblooded
A: venomous fangs, almost no armour, (amphibious), 8 rings, tiny, (camouflage
1), (gelatinous body 1), (nimble swimmer 1), (tentacles)
a: End Transformation


You were on level 3 of the Dungeon.
You were a venomous arachnid creature.
You visited 1 branch of the dungeon, and saw 5 of its levels.

You collected 156 gold pieces.

Inventory:

Jewellery
 r - a ring of fire
Wands
 o - a wand of polymorph (15)
 p - a wand of flame (14)
Scrolls
 c - 2 scrolls of magic mapping
 d - 3 scrolls of torment {unknown}
 e - 3 scrolls of amnesia
 h - a scroll of noise {unknown}
 i - 2 scrolls of enchant weapon {unknown}
 n - a scroll of fear {unknown}
 q - a scroll of summoning {unknown}
Potions
 a - a potion of lignification
 b - 2 potions of heal wounds
 f - a potion of attraction {unknown}
 g - a potion of degeneration {unknown}
 j - a potion of haste {unknown}
 k - a potion of invisibility {unknown}
 l - 2 potions of curing
 m - a potion of mutation {unknown}


   Skills:
 * Level 2.3 Fighting
 * Level 3.1 Dodging
 + Level 2.4 Stealth
 * Level 4.3 Unarmed Combat
 * Level 3.5 Spellcasting
 * Level 3.8 Transmutations
 * Level 2.5 Poison Magic


You had 7 spell levels left.
You knew the following spells:

 Your Spells              Type           Power      Damage    Failure   Level
a - Beastly Appendage     Tmut           32%        N/A       11%         1
b - Wereblood             Tmut           16%        N/A       14%         2
c - Spider Form           Tmut/Pois      14%        N/A       30%         3

Your spell library contained the following spells:

 Spells                   Type           Power      Damage    Failure   Level
 Ice Form                 Ice/Tmut       9%         N/A       77%         4


Dungeon Overview and Level Annotations

Branches:
Dungeon (5/15)
 Temple: D:4-7

Altars:
Sif Muna

Shops:
D:1 =


Innate Abilities, Weirdness & Mutations

You are a venomous arachnid creature.
You have venomous fangs.
You are tiny and dextrous.
Your spellcasting is less reliable in this form.
Your armour is entirely melded.
You are incapable of wielding weapons or throwing items.
You cannot wear most types of armour.
((You are amphibious.))
You can wear up to eight rings at the same time.
((Your skin changes colour to match your surroundings (Stealth+).))
((Your rubbery body absorbs attacks. (AC +1, EV +1)))
((You are camouflaged when in or above water. (Stealth+)))
((You have tentacles for arms and can constrict up to eight enemies at once.))


Message History

You feel sick. The adder completely misses you.
You barely miss the adder.
The adder is severely wounded.
You feel sick. The adder completely misses you.
You hit the adder but do no damage.
The adder is almost dead.
You feel sick.
An orc comes into view. It is wielding a +0 dagger.
The adder bites you but does no damage.
You hit the adder.
The adder is almost dead.
You feel a bit better.
You kill the adder!
A magic dart appears from out of thin air!
The magic dart hits you!
An orc priest comes into view. It is wielding a +0 mace.
You are too injured to fight recklessly!
You are too injured to fight recklessly!
You are too injured to fight recklessly!
You hit the orc priest.
The orc priest is poisoned.
The orc priest is moderately wounded.
You feel sick.
You feel sick.
You are no longer poisoned.
The orc hits you with a +0 dagger. Something barely misses you.
The orc priest calls down the wrath of Beogh upon you.
Beogh smites you!
* * * LOW HITPOINT WARNING * * *
You see here an adder corpse.
You hit the orc priest.
The orc priest is severely wounded.
You feel a bit better.
You kill the orc priest!
The orc barely misses you.
You hear some strange, mumbled words.
A magic dart appears from out of thin air!
The magic dart hits you!
* * * LOW HITPOINT WARNING * * *
The orc hits you with a +0 whip.
You die...

... #.. #.#
#.# # #.#.##.#
#######.#.##.#
......oo{o##.#
##s# #.#
#.)####.###
#.###.....#
#.###...>.#
#.##...>..#
#.##......#
#.##......#
#.##.######
#.##.#


You could see 3 orcs.

Vanquished Creatures
  Sigmund (D:2)
  A black bear (D:4)
  A scorpion (D:3)
  A hound (D:4)
  An orc priest (D:3)
  An iguana (D:4)
  3 gnolls (D:3)
  5 adders
  2 worms (D:2)
  7 ball pythons
  3 endoplasms
  2 giant cockroaches (D:1)
  3 goblins
  4 hobgoblins
  7 kobolds
  6 quokkas
  11 bats
  5 frilled lizards
  5 rats
69 creatures vanquished.

Notes
Turn   | Place    | Note
-------+----------+-------------------------------------------
     0 | D:1      | CrazyBamboolord the Octopode Transmuter began the quest for
                  | the Orb.
     0 | D:1      | Reached XP level 1. HP: 13/13 MP: 3/3
   191 | D:1      | Reached XP level 2. HP: 17/18 MP: 3/5
   441 | D:1      | Reached skill level 1 in Poison Magic
   720 | D:1      | Reached XP level 3. HP: 23/23 MP: 3/6
   723 | D:1      | Learned a level 2 spell: Wereblood
   727 | D:1      | Learned a level 3 spell: Spider Form
   868 | D:1      | Found Juifoma's One-of-a-Kind Rings.
  1270 | D:2      | Noticed Sigmund
  1281 | D:2      | Killed Sigmund
  1282 | D:2      | Reached XP level 4. HP: 7/29 MP: 5/8
  1282 | D:2      | Reached XP level 5. HP: 8/34 MP: 5/9
  1766 | D:3      | Found a shimmering blue altar of Sif Muna.
  1810 | D:3      | Reached XP level 6. HP: 39/39 MP: 10/10
  1988 | D:3      | Reached skill level 4 in Unarmed Combat
  2119 | D:3      | You fall into a shaft and drop 2 floors!
  2119 | D:5      | Entered Level 5 of the Dungeon
  2225 | D:4      | Noticed a black bear
  2235 | D:4      | Killed a black bear
  2236 | D:4      | Reached XP level 7. HP: 24/45 MP: 8/12
  2533 | D:3      | Slain by an orc

Illustrated notes

Levels and vault maps discovered:
D:1:      elethiomel_arrival_infinity_welcomes_careful_drivers, layout_basic,
          minmay_misc_feat_alley, nicolae_shop_unique_rings
D:2:      layout_basic, serial_bayou_pond_d, uniq_sigmund
D:3:      layout_loops_ring, nicolae_tso_swordbearing_angel,
          mainiacjoe_overflow_catwalk, kennysheep_generic_room_12
D:4:      layout_gridville
D:5:      layout_basic, lemuel_coloured_pillars_altar,
          nicolae_overflow_hidden_temple, serial_shops, nicolae_shop_trees

Skill      XL: |  1  2  3  4  5  6  7 |
---------------+----------------------+-----
Poison Magic   | 1 2 |  2.5
Stealth        | 2 |  2.4
Transmutations | 3 |  3.8
Spellcasting   | 3 |  3.5
Fighting       | 2 |  2.3
Unarmed Combat | 4 |  4.3
Dodging        | 3 |  3.1

Action                   |  1- 3 |  4- 6 |  7- 9 || total
-------------------------+-------+-------+-------++-------
Melee: Unarmed           |    76 |    58 |    22 ||   156
       Kick              |    25 |    12 |     5 ||    42
       Constrict         |    21 |    10 |     4 ||    35
       Tentacles         |    14 |     8 |     1 ||    23
       Punch             |       |     3 |       ||     3
 Cast: Beastly Appendage |    29 |    11 |     5 ||    45
       Wereblood         |     1 |     2 |     1 ||     4
       Spider Form       |       |     2 |     1 ||     3
  Use: Scroll            |     2 |     2 |       ||     4
       Potion            |       |     1 |       ||     1
 Stab: Sleeping          |     8 |     3 |       ||    11
Armor: Skin              |     7 |     4 |     1 ||    12
Dodge: Dodged            |    54 |    46 |    20 ||   120

Table legend: (Time is in decaauts)
 A = Elapsed time spent in this place.
 B = Non-inter-level travel time spent in this place.
 C = Inter-level travel time spent in this place.
 D = Time resting spent in this place.
 E = Time spent auto-exploring this place.
 F = Levels seen in this place.
 G = Mean time per level.
                   A        B        C        D        E       F      G
               +--------+--------+--------+--------+--------+-----+--------+
         Total |   2521 |   2441 |     80 |      0 |   1854 |   5 |  504.2 |
       Dungeon |   2521 |   2441 |     80 |      0 |   1854 |   5 |  504.2 |
               +--------+--------+--------+--------+--------+-----+--------+

Top non-repeatable levels by time:
     D:1: 1053 daAuts
     D:2: 669 daAuts
     D:3: 432 daAuts
     D:4: 354 daAuts
     D:5: 11 daAuts
